Unix NetHack Version 3.7.0-66 Work-in-progress - last build Nov 25 2022 02:21:47 (a67c8fbd212c6e9cfe3af09653023564b5ba1bad,branch:master). Game began 2022-12-03 03:24:07, ended 2022-12-03 03:54:12. maneatingcow, lawful female human Priestess ------ |....| #.....| [|....| -------- ##----.- .......+ ## # |......|`### --------.------## # -.o..@..### |.............|# # |...B..|# #######..............-# # .......| |.............| # -------- --------------- # -.--- |...| |<..| |...| |...| |...| ----- Maneatingcow the Acolyte St:13 Dx:10 Co:15 In:9 Wi:18 Ch:11 Lawful S:1110 Dlvl:6 $:78 HP:0(38) Pw:62(62) AC:6 Xp:5/193 T:2530 Fainted Deaf Latest messages: There is a newt corpse here; eat it? [ynq] (n) y This newt corpse is gamey. You finish eating the newt corpse. You descend the stairs. You see here 7 gold pieces. $ - 7 gold pieces (52 in total). You see here a cursed scroll labeled ASHPD SODALG. I - a cursed scroll labeled ASHPD SODALG. You see here 6 crossbow bolts. J - 6 crossbow bolts. You are beginning to feel weak. You hear the chime of a cash register. You see here 15 gold pieces. $ - 15 gold pieces (67 in total). The giant ant bites! The giant ant misses! You hit the giant ant! The giant ant misses! The giant ant just misses! You kill the giant ant! You kill the goblin! You see here 11 gold pieces. $ - 11 gold pieces (78 in total). The newt just misses! You miss the newt. The newt misses! You kill the newt! You see here a newt corpse. You faint from lack of food. You regain consciousness. There is a newt corpse here; eat it? [ynq] (n) y This newt corpse is stringy. You are still weak. You finish eating the newt corpse. You feel a mild buzz. You see here 36 gold pieces. You hit the giant bat! The giant bat bites! You faint from lack of food. The giant bat bites! The giant bat bites! The giant bat bites! The giant bat bites! The giant bat bites! The giant bat bites! The giant bat bites! The giant bat bites! The giant bat bites! You die... Do you want your possessions identified? [ynq] (y) q Inventory: Coins $ - 78 gold pieces Weapons J - 6 +0 crossbow bolts z - 18 +0 darts (at the ready) w - a blessed +0 dwarvish spear F - the +0 Fire Brand a - a blessed corroded +1 mace (weapon in hand) Armor A - a +0 orcish helm o - a +0 pair of water walking boots (being worn) c - a +0 small shield (being worn) b - a +0 robe (being worn) Scrolls u - a blessed scroll of identify D - a scroll of identify I - a cursed scroll of light x - a scroll of magic mapping Spellbooks i - a spellbook of detect unseen g - a blessed spellbook of healing h - a spellbook of remove curse Potions p - a potion of extra healing H - a blessed potion of healing j - a potion of object detection d - 4 potions of holy water Wands t - a wand of digging (0:5) E - a wand of polymorph (0:4) Tools v - a mirror r - a tallow candle s - a tin whistle Gems/Stones m - a fluorite stone C - a worthless piece of orange glass q - a worthless piece of violet glass B - a worthless piece of white glass Maneatingcow the Priestess's attributes: Background: You were an Acolyte, a level 5 human Priestess. You were lawful, nominally on a mission for Mercury who was opposed by Venus (neutral) and Mars (chaotic). You were in the Dungeons of Doom, on level 6. You entered the dungeon 2530 turns ago. It was nighttime. You had 193 experience points, 127 more were needed to attain level 6. Your score was 1110 before end-of-game adjustments. Basics: You had 0 out of 38 hit points. You had all 62 energy points (spell power). Your armor class was 6. Your wallet contained 78 zorkmids. Autopickup was off. Final Characteristics: Your strength was 13 (base:14, limit:18/100). Your dexterity was 10 (limit:18). Your constitution was 15 (limit:18). Your intelligence was 9 (limit:18). Your wisdom was 18 (limit:18). Your charisma was 11 (limit:18). Final Status: You were deaf. You were fainted due to starvation. You were unencumbered. You were wielding a mace. You were skilled in mace. Final Attributes: You were piously aligned. You were telepathic. You could walk on water. You were guarded. You are dead. Miscellaneous: You never encountered a bones level. Total elapsed playing time was 30 minutes and 2 seconds. Major events: Turn 1: maneatingcow the lawful human Priestess entered the dungeon 995: attained the rank of Acolyte (level 3) 1211: entered the Gnomish Mines 2049: found Fire Brand on the floor 2530: killed by a giant bat, while fainted from lack of food Vanquished creatures: a rock mole 2 gnome leaders a giant ant a floating eye 2 kobold leaders a giant bat an orc zombie 2 iguanas 2 acid blobs 2 giant rats 2 yellow molds 7 gnomes a gnome zombie a gecko 6 jackals 2 foxes a kobold 3 goblins 3 sewer rats 4 grid bugs 2 bats a lichen 3 kobold zombies 7 newts 58 creatures vanquished. No species were genocided or became extinct. Voluntary challenges: You were an atheist. You were illiterate. You never engraved Elbereth. You never genocided any monsters. You never polymorphed an object. You never changed form. You used no wishes. Achievements: You entered a shop. You attained the rank of Acolyte. You entered the Gnomish Mines. The Dungeons of Doom: levels 1 to 6 Level 1: Level 2: A scroll shop. Level 3: A shop, some fountains. Level 4: A scroll shop, a fountain. Stairs down to The Gnomish Mines. Level 5: Level 6: <- You were here. Final resting place for you, killed by a giant bat, while fainted from lack of food. The Gnomish Mines: Level 5: Game over: ---------- / \ / REST \ / IN \ / PEACE \ / \ | maneatingcow | | 78 Au | | killed by a | | giant bat | | | | | | 2022 | *| * * * | * _________)/\\_//(\/(/\)/\//\/|_)_______ Goodbye maneatingcow the Priestess... You died in The Dungeons of Doom on dungeon level 6 with 1103 points, and 78 pieces of gold, after 2530 moves. You were level 5 with a maximum of 38 hit points when you died.